Map: Acropolis LE

Players

sandboX

  • Race: Zerg Zerg
  • League: Gold
  • Spawn Location: 5:00

A.I. 1 (Hard) - Winner!

  • Race: Protoss Protoss
  • Spawn Location: 11:00

VOD

Have the link to the VOD?

Description

Time

  • Played on: Aug. 21, 2019, 12:57 a.m.
  • Length: 2:32
Show
View Real Time Build Order
Export as new Build Order

sandboX Zerg 

Build Orders:  

Get SALT Encoding   

  12  0:01  Drone  
  13  0:12  Overlord  
  13  0:20  Drone  
  14  0:31  Drone x2  
  16  0:52  Hatchery  
  15  0:58  Drone x2  
  15  0:59  Drone  
  15  1:03  Extractor  
  17  1:28  Drone x2  
  17  1:30  Overlord  
  19  1:43  Drone  
  21  1:56  Hatchery  
  21  1:59  Extractor  
  19  2:05  Drone  
  19  2:06  Drone  
  21  2:13  Drone  
Show
View Real Time Build Order
Export as new Build Order

A.I. 1 (Hard) Protoss - Winner!

Build Orders:  

Get SALT Encoding   

  12  0:00  Probe  
  13  0:13  Probe  
  14  0:19  Pylon  
  14  0:25  Probe  
  15  0:34  Probe  
  15  0:42  Probe  
  16  0:47  Assimilator  
  17  0:51  Gateway  
  17  0:52  Probe  
  18  0:59  Pylon  
  18  1:00  Probe  
  19  1:18  Probe  
  20  1:38  Zealot  
  22  1:41  Cybernetics Core  
  22  1:42  Gateway  
  22  1:56  Pylon  
  22  1:58  Zealot  
  24  2:14  Probe  
  25  2:23  Pylon  
Tags
 
League
Gold
Matchup
PvZ
Spawn Locations
Cross Positions
Add a new tag
Caveats
  • Supply blocks, unpowered buildings, or Contaminate may cause inaccurate times.
  • Supply counts are checked every 10 seconds.